AoeStats
← Miyamoto

Lombardia

509084074Analyzed
3v3 RM · 8d ago on Sep 25, 2026· 50m 52s· 6 players
Game mode
Random Map
Map size
Normal (6 player)
Population
200
Speed
Normal
Resources
Standard
Victory
Conquest
Starting age
Dark Age
Ending age
Imperial Age
RankedLock teamsTeams togetherTeam positionsShared explorationLock speedFull tech treeHidden civsTurbo modeCheats
Victory
Defeat
🇦🇺 Magyars · Australia
1108
+15
🇳🇱 Georgians · Netherlands
1102
+15
🇳🇱 Jurchens · Netherlands
1100
+15
🇦🇺 Portuguese · Australia
1119
-16
🇦🇺 Britons · Australia
1108
-16
🇦🇺 Inca · Australia
1023
-13
shoopdewhoop
9:13 Loom
10:59 Feudal Age
12:36 Double-Bit Axe
15:38 Castle Age
14:21 Horse Collar
17:15 Gold Mining
17:42 Crossbowman
18:50 Fletching
23:18 Heavy Plow
26:46 Wheelbarrow
28:15 Hand Cart
28:47 Ballistics
30:20 Stone Mining
31:13 Bow Saw
32:17 Yeomen
32:02 Bodkin Arrow
32:21 Padded Archer Armor
33:10 Gold Shaft Mining
36:19 Imperial Age
36:22 Elite Longbowman
37:23 Conscription
37:18 Town Watch
37:45 Bracer
38:01 Leather Archer Armor
37:15 Arbalester
39:32 Ring Archer Armor
40:21 Chemistry
39:28 Siege Engineers
ELMOBATHTUB
3:33 Loom
12:36 Feudal Age
14:54 Wheelbarrow
14:13 Double-Bit Axe
16:09 Champi Runner
18:11 Horse Collar
19:34 Forging
26:24 Castle Age
24:36 Scale Mail Armor
24:54 Gold Mining
26:30 Champi Warrior
27:11 Squires
26:57 Arson
27:51 Iron Casting
27:31 Chain Mail Armor
29:48 Pikeman
37:02 Bow Saw
37:15 Heavy Plow
37:37 Hand Cart
Edhebi
11:06 Feudal Age
12:48 Horse Collar
12:56 Double-Bit Axe
13:17 Loom
17:32 Castle Age
15:56 Fletching
16:56 Padded Archer Armor
26:25 Gold Mining
28:16 Leather Archer Armor
29:10 Wheelbarrow
28:21 Town Watch
33:27 Bodkin Arrow
35:21 Pikeman
37:23 Scale Mail Armor
38:06 Stone Mining
38:06 Gambesons
38:08 Arson
40:13 Bow Saw
40:46 Chain Mail Armor
41:31 Stone Shaft Mining
43:09 Hand Cart
43:24 Forging
46:33 Imperial Age
44:42 Iron Casting
45:34 Masonry
46:57 Ballistics
47:03 Halberdier
48:20 Plate Mail Armor
48:51 Blast Furnace
48:15 Conscription
Miyamoto
10:22 Feudal Age
10:56 Double-Bit Axe
10:52 Horse Collar
13:07 Bloodlines
15:51 Forging
19:23 Loom
20:16 Wheelbarrow
23:35 Castle Age
22:31 Scale Barding Armor
24:42 Hand Cart
24:41 Bow Saw
24:12 Light Cavalry
28:07 Husbandry
31:40 Chain Barding Armor
34:35 Iron Casting
35:39 Town Watch
38:28 Imperial Age
36:11 Heavy Plow
39:45 Plate Barding Armor
40:11 Blast Furnace
38:44 Elite Steppe Lancer
deRoode
8:15 Loom
11:52 Feudal Age
16:30 Castle Age
14:36 Horse Collar
14:43 Double-Bit Axe
18:25 Bow Saw
21:48 Heavy Plow
23:54 Wheelbarrow
23:30 Stone Mining
24:12 Bloodlines
25:05 Husbandry
26:48 Scale Barding Armor
29:30 Chain Barding Armor
29:21 Forging
30:34 Fletching
31:22 Hand Cart
34:38 Imperial Age
32:31 Hand Cart
32:06 Town Watch
34:50 Elite Monaspa
35:42 Aznauri Cavalry
36:34 Conscription
36:27 Svan Towers
37:06 Iron Casting
37:06 Plate Barding Armor
37:12 Plate Barding Armor
39:40 Blast Furnace
39:56 Gold Mining
40:44 Stone Shaft Mining
42:02 Crop Rotation
44:08 Siege Engineers
44:23 Masonry
44:11 Murder Holes
48:47 Hoardings
48:14 Bodkin Arrow
Waffle_Time30
8:28 Loom
10:42 Feudal Age
12:15 Double-Bit Axe
12:36 Horse Collar
18:48 Castle Age
20:38 Scale Barding Armor
22:15 Wheelbarrow
21:54 Bloodlines
21:44 Husbandry
21:05 Light Cavalry
23:07 Chain Barding Armor
24:50 Hand Cart
28:27 Heavy Plow
36:10 Bow Saw
35:54 Gold Mining
35:55 Stone Mining
38:29 Corvinian Army
42:04 Imperial Age
42:10 Elite Magyar Huszar
44:50 Plate Barding Armor
44:05 Fletching
45:26 Conscription
46:47 Two-Man Saw
46:19 Crop Rotation
49:18 Heavy Cavalry Archer
50:25 Parthian Tactics
49:56 Bodkin Arrow
50:02 Padded Archer Armor
Connection lost

Rejoining the realm…

Still unreachable

The connection could not be restored.

Session expired

The server has moved on; the page needs a fresh start.